 Dungeon Sprint DCSS version 0.31-a0-37-g98a128e1d9 (webtiles) character file.

Game seed: 6601131919752209786

730 bmack86 the Cleaver (level 7, -1/70 HPs)
             Began as a Minotaur Fighter on May 15, 2023.
             Was a Follower of Okawaru.
             Slain by an unseen horror (5 damage)
             ... in the Dungeon (Sprint IX: "|||||||||||||||||||||||||||||").
             The game lasted 00:01:37 (234 turns).

bmack86 the Cleaver (Minotaur Fighter)               Turns: 234, Time: 00:01:37

Health: -1/70      AC:  9    Str: 23    XL:     7   Next: 44%
Magic:  5/9        EV: 10    Int:  8    God:    Okawaru [*.....]
Gold:   0          SH:  6    Dex:  9    Spells: 6/6 levels left

rFire   . . .        a - +0 war axe
rCold   . . .        c - +0 buckler
rNeg    . . .        o - +1 chain mail
rPois   .            (helmet restricted)
rElec   .            (no cloak)
rCorr   .            (no gloves)
SInv    .            n - +0 pair of boots
Will    .....        (no amulet) Stlth
                     p - +3 ring of intelligence
HPRegen 0.31/turn    q - +2 ring of evasion
MPRegen 0.11/turn

%: no teleportation
@: corroded, on berserk cooldown, slowed, very slow
A: horns 2, retaliatory headbutt
a: Renounce Religion, Heroism


You were in the Dungeon.
You worshipped Okawaru.
Okawaru was aware of your devotion.
You visited 1 branch

Inventory:

Hand Weapons
 a - a +0 war axe (weapon)
Armour
 b - a +0 scale mail
 c - a +0 buckler (worn)
 n - a +0 pair of boots (worn)
 o - a +1 chain mail (worn)
Jewellery
 p - a +3 ring of intelligence (left hand)
 q - a +2 ring of evasion (right hand)
Wands
 m - a wand of iceblast (10)
Scrolls
 j - 2 scrolls of blinking
 l - 2 scrolls of amnesia
Potions
 d - a potion of might
 e - 5 potions of curing
 f - 3 potions of heal wounds
 g - a potion of haste
 h - 4 potions of magic
 k - a potion of invisibility


   Skills:
 + Level 9.1 Fighting
 * Level 12.0 Axes
 + Level 9.1 Armour
 + Level 9.2 Shields
 + Level 4.9 Invocations


You had 6 spell levels left.
You didn't know any spells.
Your spell library was empty.

Dungeon Overview and Level Annotations

Branches:
Dungeon (1/1)

Altars:
Cheibriados
Dithmenos
Elyvilon
Fedhas
Gozag
Hepliaklqana
Kikubaaqudgha
Makhleb
Nemelex Xobeh
Okawaru
Qazlal
Ru
Sif Muna
Trog
Uskayaw
Vehumet
Wu Jian
Xom
Yredelemnul
Zin
The Shining One
Jiyva
Lugonu


Innate Abilities, Weirdness & Mutations

You have a pair of horns on your head.
You reflexively headbutt those who attack you in melee.


Message History

You block the acid dragon's attack. The acid dragon claws you.
You slash the acid dragon!
The acid dragon is almost dead.
You slash the acid dragon!
You kill the acid dragon!
Okawaru accepts your kill.
Your Fighting skill increases to level 9!
Your Armour skill increases to level 9!
Your Shields skill increases to level 9!
You slash the howler monkey!
The howler monkey is severely wounded.
You closely miss the howler monkey.
The howler monkey is severely wounded.
The howler monkey hoots and howls with incredible vigour!
You slash the howler monkey!
You kill the howler monkey!
Okawaru accepts your kill. Something hits you.
* * * LOW HITPOINT WARNING * * *
Deactivating autopickup; reactivate with Ctrl-A.
Your Axes skill increases to level 12!
You miss something. Something hits you.
* * * LOW HITPOINT WARNING * * *
You block something's attack.
You completely miss something. Your headbutt misses something.
Something hits you but does no damage.
You barely miss something. You block something's attack.
You are no longer berserk.
You are exhausted.
You feel yourself slow down. You block something's attack.
Things that are here:
a +0 shortbow; a centaur corpse Something hits you.
* * * LOW HITPOINT WARNING * * *
Something hits you.
* * * LOW HITPOINT WARNING * * *
You hit something. Your headbutt misses something. Something hits you.
* * * LOW HITPOINT WARNING * * *
Something hits you.
You die... ▓▓▓▓▓▓▓▓▓▓▓▓▓▓▓▓▓▓▓▓▓▓ +....@)†...[..)..'____ ▓▓▓▓▓▓▓▓▓▓▓▓▓▓▓▓▓▓▓▓▓▓

There were no monsters in sight!

Vanquished Creatures
  A troll (D)
  A wyvern (D)
  An acid dragon (D)
  A centaur (D)
  A scorpion (D)
  A howler monkey (D)
  A jelly (D)
  A sleepcap (D)
  An iguana (D)
  An orc (D)
  An endoplasm (D)
  A giant cockroach (D)
  A goblin (D)
  A hobgoblin (D)
  A frilled lizard (D)
15 creatures vanquished.

Notes
Turn   | Place    | Note
-------+----------+-------------------------------------------
     0 | D        | bmack86 the Minotaur Fighter began the quest for the Orb.
     0 | D        | Reached XP level 1. HP: 19/19 MP: 0/0
     7 | D        | Reached skill level 3 in Axes
    43 | D        | Noticed a scorpion
    43 | D        | Noticed an iguana
    43 | D        | Noticed a jelly
    43 | D        | Noticed a sleepcap
    48 | D        | Killed a sleepcap
    49 | D        | Reached skill level 5 in Axes
    49 | D        | Reached XP level 2. HP: 28/28 MP: 1/1
    49 | D        | Reached XP level 3. HP: 35/35 MP: 2/2
    51 | D        | Reached skill level 5 in Fighting
    51 | D        | Reached skill level 6 in Axes
    51 | D        | Reached skill level 5 in Armour
    51 | D        | Reached skill level 5 in Shields
    55 | D        | Reached XP level 4. HP: 34/44 MP: 3/3
    60 | D        | Killed a scorpion
    61 | D        | Reached skill level 8 in Axes
    61 | D        | Reached XP level 5. HP: 27/51 MP: 4/4
   147 | D        | Found a snail-covered altar of Cheibriados.
   147 | D        | Found a shadowy altar of Dithmenos.
   147 | D        | Found a white marble altar of Elyvilon.
   147 | D        | Found a blossoming altar of Fedhas.
   147 | D        | Found an opulent altar of Gozag.
   148 | D        | Found a hazy altar of Hepliaklqana.
   149 | D        | Found a viscous altar of Jiyva.
   150 | D        | Found an ancient bone altar of Kikubaaqudgha.
   151 | D        | Found a corrupted altar of Lugonu.
   152 | D        | Found a burning altar of Makhleb.
   153 | D        | Found a sparkling altar of Nemelex Xobeh.
   154 | D        | Found an iron altar of Okawaru.
   155 | D        | Found a stormy altar of Qazlal.
   156 | D        | Found a sacrificial altar of Ru.
   157 | D        | Found a shimmering blue altar of Sif Muna.
   158 | D        | Found a bloodstained altar of Trog.
   159 | D        | Found a hide-covered altar of Uskayaw.
   160 | D        | Found a radiant altar of Vehumet.
   161 | D        | Found an ornate altar of the Wu Jian Council.
   162 | D        | Became a worshipper of Warmaster Okawaru
   163 | D        | Found a shimmering altar of Xom.
   164 | D        | Found a basalt altar of Yredelemnul.
   165 | D        | Found a glowing silver altar of Zin.
   166 | D        | Found a glowing golden altar of the Shining One.
   209 | D        | Noticed an acid dragon
   209 | D        | Noticed a centaur
   209 | D        | Noticed a troll
   209 | D        | Noticed a wyvern
   215 | D        | Killed a wyvern
   216 | D        | Reached skill level 9 in Axes
   216 | D        | Reached XP level 6. HP: 44/60 MP: 4/7
   217 | D        | Killed a troll
   217 | D        | Reached * piety under Okawaru
   218 | D        | Reached skill level 11 in Axes
   221 | D        | Reached XP level 7. HP: 48/69 MP: 4/9
   229 | D        | Reached skill level 12 in Axes
   234 | D        | Slain by an unseen horror

Illustrated notes

Levels and vault maps discovered:
D:        linesprint [early_d, line_temple, items_1, d_10, items_2, lair_1,
          lair_end, items_3, orc_1, orc_end, items_4, d_15, swamp_1, shoals_1,
          snake_1, spider_1, d_20, vaults_1, items_5, swamp_end, shoals_end,
          snake_end, spider_end, vaults_end, d_27, items_6, zot_1, zot_end,
          crypt_end, forest_end, elf_end, slime_end, tomb_end, abyss_end,
          pan_hell_end]

Skill      XL: |  1  2  3  4  5  6  7 |
---------------+----------------------+-----
Axes           | 5 6 8 9 11 12 | 12.0
Fighting       | 4 5 6 7 8 9 |  9.1
Armour         | 4 5 6 7 8 9 |  9.1
Shields        | 4 5 6 7 8 9 |  9.2
Invocations    | 2 4 |  4.9

Action                     |  1- 3 |  4- 6 |  7- 9 || total
---------------------------+-------+-------+-------++-------
  Melee: War axe           |    19 |    16 |    12 ||    47
         Headbutt          |     4 |     3 |       ||     7
    Use: Potion            |       |     1 |       ||     1
 Armour: Scale mail        |     5 |     3 |       ||     8
         Chain mail        |       |     3 |     1 ||     4
  Dodge: Dodged            |     8 |     4 |       ||    12
  Block: Buckler           |     2 |       |     4 ||     6

Table legend: (Time is in decaauts)
 A = Elapsed time spent in this place.
 B = Non-inter-level travel time spent in this place.
 C = Inter-level travel time spent in this place.
 D = Time resting spent in this place.
 E = Time spent auto-exploring this place.
 F = Levels seen in this place.
 G = Mean time per level.
                   A        B        C        D        E       F      G
               +--------+--------+--------+--------+--------+-----+--------+
         Total |    234 |    234 |      0 |     92 |      0 |   1 |  234.0 |
       Dungeon |    234 |    234 |      0 |     92 |      0 |   1 |  234.0 |
               +--------+--------+--------+--------+--------+-----+--------+

Top non-repeatable levels by time:
       D: 234 daAuts
